 Dungeon Sprint DCSS version 0.20-a0-555-gf6ae02d (webtiles) character file.

1885 Gingerlord the Protected (level 9, -3/78 HPs)
             Began as a Barachian Fighter on Feb 4, 2017.
             Was a Priest of Okawaru.
             Slain by a komodo dragon (15 damage)
             ... in the Dungeon (Sprint IX: "|||||||||||||||||||||||||||||").
             The game lasted 00:03:01 (1232 turns).

Gingerlord the Protected (Barachian Fighter)        Turns: 1232, Time: 00:03:01

Health: -3/78      AC: 17    Str: 16    XL:     9   Next: 14%
Magic:  14/14      EV: 11    Int:  9    God:    Okawaru [***...]
Gold:   32         SH: 11    Dex: 12    Spells: 8/8 levels left

rFire    . . .     SeeInvis .   p - +2 scimitar (distort)
rCold    . . .     Gourm    .   s - +1 chain mail
rNeg     . . .     Faith    .   c - +0 shield
rPois    .         Spirit   .   r - +0 helmet
rElec    .         Reflect  .   q - +0 cloak
rCorr    .         Harm     .   d - +0 pair of gloves
MR       .....     NoTele   +   (no boots)
Stlth    ..........             (no amulet)
Regen    0.3/turn               t - +2 ring of evasion
                                u - +3 ring of intelligence

@: slow
A: swims, slowness 1, strong legs 1
a: Hop, Heroism, Renounce Religion


You were in the Dungeon.
You worshipped Okawaru.
Okawaru was most pleased with you.
You were not hungry.

You visited 1 branch You collected 32 gold pieces.

Inventory:

Hand Weapons
 b - a +0 scimitar of flaming
 p - a +2 scimitar of distortion (weapon)
Armour
 c - a +0 shield (worn)
 d - a +0 pair of gloves (worn)
 q - a +0 cloak (worn)
 r - a +0 helmet (worn)
 s - a +1 chain mail (worn)
Jewellery
 t - a +2 ring of evasion (right hand)
 u - a +3 ring of intelligence (left hand)
Wands
 o - a wand of iceblast (7/15)
Scrolls
 k - 2 scrolls of blinking
 m - 3 scrolls of remove curse
 n - 2 scrolls of amnesia
 v - a scroll of identify
 w - 2 scrolls of enchant armour
 x - 2 scrolls of enchant weapon
 y - a scroll of recharging
 z - a scroll of fog
Potions
 a - 2 potions of brilliance
 e - 4 potions of curing
 g - 4 potions of heal wounds
 h - a potion of haste
 i - 4 potions of magic
 j - a potion of berserk rage
 l - a potion of invisibility
Comestibles
 f - a bread ration
 A - a chunk of flesh


   Skills:
 + Level 10.1 Fighting
 + Level 9.6 Long Blades
 + Level 10.2 Armour
 + Level 7.2 Dodging
 + Level 9.3 Shields
 + Level 7.9 Invocations


You had 8 spell levels left.
You didn't know any spells.

Dungeon Overview and Level Annotations

Branches:
Dungeon (1/1)

Altars:
Cheibriados
Dithmenos
Elyvilon
Fedhas
Gozag
Hepliaklqana
Kikubaaqudgha
Makhleb
Nemelex Xobeh
Okawaru
Qazlal
Ru
Sif Muna
Trog
Uskayaw
Vehumet
Xom
Yredelemnul
Zin
The Shining One
Beogh
Jiyva
Lugonu


Innate Abilities, Weirdness & Mutations

You can swim through water.
You cover ground slowly.
You can hop short distances.


Message History

You hit the komodo dragon.
The komodo dragon is moderately wounded.
The komodo dragon blinks!
You slash the komodo dragon!
The komodo dragon is heavily wounded.
The komodo dragon blinks!
You feel better.
You slash the komodo dragon!
The komodo dragon looks slightly unstable.
The komodo dragon is severely wounded.
The komodo dragon closely misses you.
You hit the komodo dragon.
Space bends around the komodo dragon.
The komodo dragon is almost dead.
The komodo dragon closely misses you.
You riposte.
Your shield and chain mail prevent you from hitting the komodo dragon.
The komodo dragon is almost dead.
You completely miss the komodo dragon.
The komodo dragon is almost dead.
The komodo dragon bites you!
You die...

▓▓▓▓▓▓▓▓▓▓▓▓▓▓▓▓▓▓▓▓▓▓▓▓▓▓▓
l.....'..l@†....÷÷.........
▓▓▓▓▓▓▓▓▓▓▓▓▓▓▓▓▓▓▓▓▓▓▓▓▓▓▓▓▓▓▓▓▓
.................................
▓▓▓▓▓▓▓▓▓▓▓▓▓▓▓▓▓▓▓▓▓▓▓▓▓▓▓▓▓▓▓▓▓
..'._______________________'.....
▓▓▓▓▓▓▓▓▓▓▓▓▓▓▓▓▓▓▓▓▓▓▓▓▓▓▓▓▓▓▓▓▓


You could see a komodo dragon.

Vanquished Creatures
  A black mamba (D)
  An efreet (D)
  A komodo dragon (D)
  A troll (D)
  A hippogriff (D)
  3 wolves (D)
  A centaur (D)
  2 crocodiles (D)
  A scorpion (D)
  A hound (D)
  An iguana (D)
  An ooze (D)
  An orc (D)
  A bat skeleton (D)
  A bat zombie (D)
  2 goblins (D)
  2 bats (D)
  A giant cockroach zombie (D)
  A leopard gecko skeleton (D)
24 creatures vanquished.

Vanquished Creatures (others)
  A hydra (D)
  A black bear (D)
2 creatures vanquished.

Grand Total: 26 creatures vanquished

Notes
Turn   | Place    | Note
-------+----------+-------------------------------------------
     0 | D        | Gingerlord the Barachian Fighter began the quest for the Orb.
     0 | D        | Reached XP level 1. HP: 18/18 MP: 1/1
     8 | D        | Reached XP level 2. HP: 23/25 MP: 2/2
    41 | D        | Noticed a centaur
    66 | D        | Reached skill level 5 in Armour
    66 | D        | Reached XP level 3. HP: 22/32 MP: 3/3
    72 | D        | Killed a centaur
    72 | D        | Reached skill level 5 in Long Blades
    72 | D        | Reached skill level 5 in Shields
    72 | D        | Reached XP level 4. HP: 5/40 MP: 4/4
    72 | D        | Reached XP level 5. HP: 6/46 MP: 5/5
   339 | D        | Found a roughly hewn altar of Beogh.
   339 | D        | Found a snail-covered altar of Cheibriados.
   339 | D        | Found a shadowy altar of Dithmenos.
   339 | D        | Found a white marble altar of Elyvilon.
   339 | D        | Found a blossoming altar of Fedhas.
   339 | D        | Found an opulent altar of Gozag.
   340 | D        | Found a hazy altar of Hepliaklqana.
   341 | D        | Found a viscous altar of Jiyva.
   342 | D        | Found an ancient bone altar of Kikubaaqudgha.
   343 | D        | Found a corrupted altar of Lugonu.
   344 | D        | Found a burning altar of Makhleb.
   345 | D        | Found a sparkling altar of Nemelex Xobeh.
   346 | D        | Found an iron altar of Okawaru.
   347 | D        | Found a stormy altar of Qazlal.
   348 | D        | Found a sacrificial altar of Ru.
   349 | D        | Found a deep blue altar of Sif Muna.
   350 | D        | Found a bloodstained altar of Trog.
   351 | D        | Found a hide-covered altar of Uskayaw.
   352 | D        | Found a radiant altar of Vehumet.
   353 | D        | Found a shimmering altar of Xom.
   354 | D        | Found a basalt altar of Yredelemnul.
   355 | D        | Found a glowing silver altar of Zin.
   356 | D        | Found a glowing golden altar of the Shining One.
   368 | D        | Became a worshipper of Warmaster Okawaru
   426 | D        | Noticed a hornet
   426 | D        | Noticed a water moccasin
   441 | D        | Reached skill level 1 in Dodging
   441 | D        | Reached skill level 1 in Invocations
   626 | D        | Noticed a troll
   626 | D        | Noticed an efreet
   626 | D        | Noticed a hippogriff
   626 | D        | Noticed a two-headed ogre
   631 | D        | HP: 2/47 [two-headed ogre/giant club (11)]
   633 | D        | Killed a hippogriff
   633 | D        | Reached * piety under Okawaru
   633 | D        | Reached XP level 6. HP: 2/55 MP: 5/8
   638 | D        | Killed an efreet
   638 | D        | Reached skill level 5 in Invocations
   638 | D        | Reached XP level 7. HP: 24/63 MP: 5/10
   640 | D        | Killed a troll
   640 | D        | Reached ** piety under Okawaru
   640 | D        | Reached skill level 5 in Dodging
   643 | D        | Reached XP level 8. HP: 24/70 MP: 6/12
  1006 | D        | Noticed a komodo dragon
  1006 | D        | Noticed a komodo dragon
  1010 | D        | Noticed a seven-headed hydra
  1014 | D        | Killed a komodo dragon
  1093 | D        | Killed an eight-headed hydra
  1179 | D        | Noticed a spiny frog
  1179 | D        | Noticed a four-headed hydra
  1179 | D        | Noticed a komodo dragon
  1180 | D        | Noticed an eight-headed hydra
  1190 | D        | Noticed a black mamba
  1194 | D        | Noticed a komodo dragon
  1210 | D        | Reached *** piety under Okawaru
  1222 | D        | Killed a black mamba
  1222 | D        | Reached skill level 10 in Fighting
  1222 | D        | Reached skill level 10 in Armour
  1222 | D        | Reached XP level 9. HP: 26/78 MP: 14/14
  1225 | D        | HP: 2/78 [komodo dragon (25)]
  1232 | D        | Slain by a komodo dragon

Vault maps used:
D:        linesprint

Skill      XL: |  1  2  3  4  5  6  7  8 |
---------------+-------------------------+-----
Armour         | 5 6 7 8 9 10 | 10.2
Fighting       | 4 6 7 8 10 | 10.1
Shields        | 4 5 6 7 8 9 |  9.3
Long Blades    | 4 5 6 7 8 9 |  9.6
Dodging        | 3 4 5 7 |  7.2
Invocations    | 3 5 6 7 |  7.9

Action                   |  1- 3 |  4- 6 |  7- 9 || total
-------------------------+-------+-------+-------++-------
Melee: Long sword        |    44 |       |       ||    44
       Scimitar          |       |    30 |    68 ||    98
Invok: Heroism           |       |       |     2 ||     2
  Use: Potion            |       |     4 |     2 ||     6
  Eat: Chunk             |       |       |     1 ||     1
Armor: Scale mail        |    21 |       |       ||    21
       Chain mail        |       |    15 |    24 ||    39
Dodge: Dodged            |    18 |    10 |    37 ||    65
Block: Shield            |    21 |    22 |    42 ||    85
       Rpst.: Long sword |     4 |       |       ||     4
       Scimitar          |       |     3 |     9 ||    12
